 Dungeon Crawl Stone Soup version 0.21.0-3-g78d12a8 (webtiles) character file.

672 komo4ek the Covert (level 7, -12/45 HPs)
             Began as an Octopode Assassin on Jan 8, 2018.
             Was an Initiate of Dithmenos.
             Mangled by an ogre
             ... wielding a +0 giant club
              (21 damage)
             ... on level 5 of the Dungeon.
             The game lasted 00:12:51 (4124 turns).

komo4ek the Covert (Octopode Assassin)              Turns: 4124, Time: 00:12:51

Health: -12/45     AC:  1    Str: 11    XL:     7   Next: 58%
Magic:  7/7        EV: 12    Int: 13    God:    Dithmenos [......]
Gold:   213        SH:  0    Dex: 15    Spells: 6/6 levels left

rFire    . . .     SeeInvis .   v - +1 short sword (speed)
rCold    . . .     Gourm    .   (no shield)
rNeg     . . .     Faith    .   (helmet restricted)
rPois    .         Spirit   .   (no amulet)
rElec    .         Reflect  .   (no ring)
rCorr    .         Harm     .   (no ring)
MR       .....                  (no ring)
Stlth    ++++++....             (no ring)
HPRegen  0.15/turn              (no ring)
MPRegen  0.10/turn              (no ring)
                                (no ring)
                                (no ring)

@: drained
A: almost no armour, stealthy swim, amphibious, 8 rings, constrict 8, camouflage
1, gelatinous body 1
a: Renounce Religion


You were on level 5 of the Dungeon.
You worshipped Dithmenos.
Dithmenos was noncommittal.
You were not hungry.

You visited 2 branches of the dungeon, and saw 6 of its levels.

You collected 213 gold pieces.

Inventory:

Hand Weapons
 a - a +2 dagger
 b - a +0 blowgun
 v - a +1 short sword of speed (weapon)
 x - a +0 dagger of draining
Missiles
 c - 8 poisoned needles
 d - 2 curare-tipped needles
Jewellery
 g - an uncursed amulet of regeneration {unknown}
Wands
 t - a wand of polymorph (9)
 u - a wand of enslavement (5)
Scrolls
 e - 3 scrolls of blinking {unknown}
 i - 5 scrolls of remove curse {unknown}
 j - a scroll of magic mapping {unknown}
 k - 2 scrolls of teleportation {unknown}
 l - 2 scrolls of fog {unknown}
 m - a scroll of noise {unknown}
 p - a scroll of immolation {unknown}
 q - 2 scrolls of identify {unknown}
 r - a scroll of enchant weapon {unknown}
 s - a scroll of enchant armour {unknown}
Potions
 h - 3 potions of degeneration {unknown}
 n - a potion of heal wounds {unknown}
 o - 2 potions of lignification
 w - a potion of cancellation {unknown}
Comestibles
 f - 6 rations


   Skills:
 - Level 2.0(1.8) Fighting
 - Level 2.0(1.8) Short Blades
 - Level 2.0(1.8) Throwing
 - Level 1.0(0.8) Dodging
 + Level 12.3(12.0) Stealth


You had 6 spell levels left.
You didn't know any spells.

Dungeon Overview and Level Annotations

Branches:
Dungeon (5/15)             Temple (1/1) D:4

Altars:
Ashenzari
Cheibriados
Dithmenos
Fedhas
Hepliaklqana
Kikubaaqudgha
Makhleb
Okawaru
Qazlal
Sif Muna
Trog
Uskayaw
Wu Jian
Yredelemnul
Zin

Shops:
D:5 }

Annotations:
D:4 MDvedh's ghost, amateur HOMo
D:5 Menkaure


Innate Abilities, Weirdness & Mutations

You cannot wear most types of armour.
You are very stealthy in the water. (Stealth+)
You are amphibious.
You can wear up to eight rings at the same time.
You can use your tentacles to constrict eight enemies at once.
Your skin changes colour to match your surroundings (Stealth+).
Your rubbery body absorbs attacks. (AC +1, EV +1)


Message History

You barely miss the ogre.
The ogre is heavily wounded.
You puncture the ogre!
The ogre is severely wounded.
The ogre hits you with a giant club!
* * * LOW HITPOINT WARNING * * *
You closely miss the ogre.
The ogre is severely wounded.
You closely miss the ogre.
The ogre is severely wounded.
The ogre barely misses you.
You hit the ogre.
The ogre is almost dead.
The ogre completely misses you.
You barely miss the ogre.
The ogre is almost dead.
You barely miss the ogre.
The ogre is almost dead.
The ogre hits you with a giant club!!
You die...

####.....##
#.........#
#.#####.#.# ###$#.#
#'# #...#.# #.#
#.###.# #.# # #.#
#.# ##.##
#.###.###.# ##...##
#.O@......#
#.....#######.#####
.#.###...###......#
.............######
.#.####.###### #.#
#.# #.# #.# ###


You could see an ogre.

Vanquished Creatures
  Grinder (D:3)
  Sigmund (D:2)
  2 hounds
  Crazy Yiuf (D:2)
  A centaur skeleton (D:5)
  Ijyb (D:3)
  Jessica (D:3)
  Terence (D:3)
  4 adders
  2 oozes
  An adder skeleton (D:5)
  3 worms
  3 leopard geckos
  6 orcs
  5 giant cockroaches
  11 goblins
  6 hobgoblins
  3 jackals (D:1)
  9 kobolds
  2 quokkas
  A ball python skeleton (D:4)
  8 bats
  5 frilled lizards
  A leopard gecko skeleton (D:5)
  7 rats
86 creatures vanquished.

Notes
Turn   | Place    | Note
-------+----------+-------------------------------------------
     0 | D:1      | komo4ek the Octopode Assassin began the quest for the Orb.
     0 | D:1      | Reached XP level 1. HP: 14/14 MP: 1/1
   714 | D:1      | Reached skill level 6 in Stealth
   714 | D:1      | Reached XP level 2. HP: 19/19 MP: 2/2
  1116 | D:1      | Reached XP level 3. HP: 24/24 MP: 3/3
  1425 | D:2      | Found a shattered altar of Ashenzari.
  1431 | D:2      | Reached skill level 7 in Stealth
  1542 | D:2      | Noticed Sigmund
  1599 | D:2      | Found a runed door.
  1677 | D:2      | Noticed Crazy Yiuf
  1681 | D:2      | Killed Crazy Yiuf
  1681 | D:2      | Reached XP level 4. HP: 29/29 MP: 4/4
  1733 | D:2      | Killed Sigmund
  1733 | D:2      | Reached skill level 9 in Stealth
  1733 | D:2      | Reached XP level 5. HP: 16/34 MP: 5/5
  1733 | D:2      | Reached XP level 6. HP: 18/39 MP: 6/6
  2069 | D:2      | Reached skill level 10 in Stealth
  2278 | D:2      | Found a hide-covered altar of Uskayaw.
  2414 | D:3      | Noticed Grinder
  2436 | D:3      | Killed Grinder
  2436 | D:3      | Reached skill level 11 in Stealth
  2436 | D:3      | Reached XP level 7. HP: 9/45 MP: 7/7
  2820 | D:3      | Found a blossoming altar of Fedhas.
  2852 | D:3      | Noticed Ijyb
  2931 | D:3      | Noticed Jessica
  2937 | D:3      | Killed Jessica
  2990 | D:3      | Noticed Terence
  3000 | D:3      | Killed Terence
  3216 | D:3      | Killed Ijyb
  3374 | D:4      | Found a staircase to the Ecumenical Temple.
  3391 | Temple   | Entered the Ecumenical Temple
  3415 | Temple   | Became a worshipper of Dithmenos the Shadowed
  3505 | D:4      | Found a burning altar of Makhleb.
  3540 | D:4      | Reached skill level 12 in Stealth
  3572 | D:4      | Noticed MDvedh's ghost (amateur HOMo)
  3593 | D:5      | Entered Level 5 of the Dungeon
  3835 | D:5      | Found Neng's Gadget Shop.
  3946 | D:5      | Noticed Menkaure
  4124 | D:5      | Mangled by an ogre

Skill      XL: |  1  2  3  4  5  6  7 |
---------------+----------------------+-----
Stealth        | 6 7 9 11 12 | 12.3
Fighting       | |  2.0
Short Blades   | |  2.0
Throwing       | |  2.0
Dodging        | |  1.0

Action                   |  1- 3 |  4- 6 |  7- 9 || total
-------------------------+-------+-------+-------++-------
Melee: Dagger            |    53 |    47 |    58 ||   158
       Constrict         |    11 |     6 |    21 ||    38
       Tentacles         |     6 |     3 |    19 ||    28
       Short sword       |       |       |    46 ||    46
       Unarmed           |       |       |     4 ||     4
  Use: Potion            |       |     5 |     1 ||     6
 Stab: Sleeping          |    16 |    10 |     7 ||    33
       Distracted        |       |       |     1 ||     1
       Confused          |       |       |     1 ||     1
  Eat: Ration            |     1 |     1 |     1 ||     3
Armor: Skin              |     3 |     1 |     3 ||     7
Dodge: Dodged            |    18 |    14 |    48 ||    80
